 Dungeon Crawl Stone Soup version 0.25.0-3-gd7cc5688da (console) character file.

Game seed: 8812194896640621796

249 Kagalorn the Sneak (level 5, -1/24 HPs)
             Began as a Spriggan Summoner on June 15, 2020.
             Killed from afar by an orc wizard (7 damage)
             ... with a magic dart
             ... on level 4 of the Dungeon.
             The game lasted 00:19:17 (7650 turns).

Kagalorn the Sneak (Spriggan Summoner)              Turns: 7650, Time: 00:19:17

Health: -1/24      AC:  2    Str:  4    XL:     5   Next: 86%
Magic:  11/12      EV: 18    Int: 18    God:
Gold:   233        SH:  0    Dex: 16    Spells: 9/12 levels left

rFire    . . .     SeeInvis +   a - +0 dagger
rCold    . . .     Gourm    .   (shield restricted)
rNeg     . . .     Faith    .   j - +0 robe
rPois    .         Spirit   .   (helmet restricted)
rElec    .         Reflect  .   (no cloak)
rCorr    .         Harm     .   (gloves unavailable)
MR       .....                  (boots unavailable)
Stlth    ++++......             (no amulet)
HPRegen  0.08/turn              (no ring)
MPRegen  0.13/turn              (no ring)

@: very quick
A: very small, unfitting armour, see invisible, herbivore, speed 3, slow
metabolism 2
a: no special abilities


You were on level 4 of the Dungeon.
You were hungry.

You visited 1 branch of the dungeon, and saw 5 of its levels.

You collected 233 gold pieces.

Inventory:

Hand Weapons
 a - a +0 dagger (weapon)
 q - a +0 mace of protection
 v - a +1 mace of holy wrath
 z - a +4 quarterstaff of chaos
 D - a +2 vorpal falchion
Missiles
 g - 119 arrows
 n - 94 stones
 p - 40 sling bullets
 s - 14 poisoned darts (quivered)
Armour
 j - a +0 robe (worn)
 y - a +0 cloak
Magical Staves
 B - an uncursed staff of conjuration {unknown}
Wands
 x - a wand of polymorph (5)
 C - a wand of disintegration (15)
Scrolls
 e - a scroll of fear
 f - 2 scrolls of remove curse {unknown}
 m - 2 scrolls of fog {unknown}
 t - 2 scrolls of teleportation
 A - a scroll of amnesia {unknown}
Potions
 b - a potion of haste
 d - a potion of lignification
 i - a potion of curing
 k - a potion of cancellation
 l - a potion of resistance
 o - a potion of flight
 r - 2 potions of heal wounds
 u - a potion of mutation
 w - a potion of stabbing
Comestibles
 c - 7 rations


   Skills:
 - Level 3.0 Dodging
 * Level 6.8 Stealth
 - Level 4.0 Spellcasting
 + Level 4.0 Summonings
 - Level 3.0 Translocations


You had 9 spell levels left.
You knew the following spells:

 Your Spells              Type           Power        Failure   Level  Hunger
a - Summon Small Mammal   Summ           ###.         2%          1    None
g - Blink                 Tloc           N/A          6%          2    ##.....

Your spell library contained the following spells:

 Spells                   Type           Power        Failure   Level  Hunger
 Call Imp                 Summ           ###.....     4%          2    ##.....
 Call Canine Familiar     Summ           ###.....     9%          3    ###....
 Magic Dart               Conj           #...         14%         1    None
 Summon Guardian Golem    Hex/Summ       ##......     19%         3    ###....
 Slow                     Hex            #.......     22%         2    ##.....
 Conjure Flame            Conj/Fire      #.......     41%         3    ###....
 Mephitic Cloud           Conj/Pois/Air  #.......     41%         3    ###....
 Summon Ice Beast         Ice/Summ       ##......     54%         4    ####...
 Summon Lightning Spire   Summ/Air       ##......     54%         4    ####...


Dungeon Overview and Level Annotations

Branches:
Dungeon (5/15)
 Temple: D:4-7

Altars:
Dithmenos
Vehumet


Innate Abilities, Weirdness & Mutations

You are very small and have problems with some larger weapons.
You are too small for most types of armour.
You have supernaturally acute eyesight. (SInv)
You are a herbivore.
You cover ground extremely quickly.
You need to consume almost no food.


Message History

Press: ? - help, Shift-Dir - straight line, f/p - orc wizard
Aim: an orc wizard, wielding a +0 dagger and wearing a +0 robe (lightly wounded, poisoned)
You throw a poisoned dart.
The poisoned dart closely misses the orc wizard.
The orc wizard hits you with a +0 dagger.
Casting: Summon Small Mammal (safe; 2% risk of failure)
Confirm with . or Enter, or press ? or * to list all spells.
The orc wizard looks more healthy.
The orc wizard hits you with a +0 dagger.
* * * LOW HITPOINT WARNING * * *
You swap places.
The orc wizard mumbles some strange words.
The orc wizard seems to speed up.
Things that are here:
a +0 leather armour; a +0 club Your quokka bites the orc wizard but does no damage.
Your quokka closely misses the orc wizard.
The orc wizard points at you and mumbles some strange words.
The magic dart hits you!
You die...

....#.#.####..####.##..####.#.#
......#.......#..)..........#.#
#...########.#...#.##########.#
#...# #.......# #.# #...#
#...or(.####### #.###
#...###########[####.....#
#...#
[..........####.####.....#
###.#
.............##.##.......# #.#
...........#.##.@........# #.#
#...#####.......##.#.....# #.#
#...# #.##.##.##.#.##### #.#
#...# #.##.......#.# #r# #...#
#.#####.####.######## #.# #...#
#.......####.#......# #o#
#...###
#######......#.####.###.#
#.....# #.......#.......[b.#
...##.# ####..#........##.#####


You could see an orc wizard (fast).

Vanquished Creatures
  An orc priest (D:4)
  Crazy Yiuf (D:2)
  An orc wizard (D:4)
  A worker ant (D:4)
  A hound skeleton (D:5)
  A gnoll (D:4)
  3 adders
  A worm (D:2)
  A dart slug (D:2)
  A leopard gecko (D:2)
  An orc (D:4)
  6 bats
  5 giant cockroaches
  6 goblins
  4 hobgoblins
  A jackal (D:2)
  3 kobolds
  A ball python (D:1)
  4 frilled lizards
  4 rats
  A fungus (D:2)
48 creatures vanquished.

Vanquished Creatures (collateral kills)
  3 gnolls (D:4)
  3 adders
  2 worms
  2 orcs (D:4)
  2 ball pythons
  A giant cockroach (D:2)
  A hobgoblin (D:1)
  6 jackals
  A kobold (D:1)
  A frilled lizard (D:4)
  A goblin (D:1)
  A rat (D:3)
24 creatures vanquished.

Grand Total: 72 creatures vanquished

Notes
Turn   | Place    | Note
-------+----------+-------------------------------------------
     0 | D:1      | Kagalorn the Spriggan Summoner began the quest for the Orb.
     0 | D:1      | Reached XP level 1. HP: 9/9 MP: 5/5
  1538 | D:1      | Reached XP level 2. HP: 13/13 MP: 7/7
  2434 | D:2      | Reached skill level 4 in Stealth
  2718 | D:2      | Reached XP level 3. HP: 9/16 MP: 8/8
  3329 | D:3      | Found a shadowy altar of Dithmenos.
  3412 | D:3      | Found a radiant altar of Vehumet.
  3414 | D:3      | Reached skill level 5 in Stealth
  3863 | D:2      | Reached XP level 4. HP: 17/21 MP: 8/10
  4610 | D:2      | Found a runed translucent door.
  4611 | D:2      | Noticed Crazy Yiuf
  4625 | D:2      | Killed Crazy Yiuf
  5420 | D:4      | Learned a level 2 spell: Blink
  5586 | D:4      | Reached skill level 6 in Stealth
  5866 | D:4      | Reached skill level 1 in Translocations
  5866 | D:4      | Reached XP level 5. HP: 7/24 MP: 12/12
  7247 | D:5      | Entered Level 5 of the Dungeon
  7650 | D:4      | Killed from afar by an orc wizard

Illustrated notes

Levels and vault maps discovered:
D:1:      erik_arrival_cave_to_civilisation [erik_arrival_cave_to_hall],
          layout_basic
D:2:      layout_basic, uniq_crazy_yiuf_cottage
D:3:      layout_basic, chequers_temple_overflow_statue_of_worship
D:4:      layout_loops_cross, first_ration
D:5:      layout_basic, cheibrodos_worm_habitat, serial_glass, glass_columns_a,
          glass_columns_c, glass_columns_b, minmay_fractal_squares_gapless_5

Skill      XL: |  1  2  3  4  5 |
---------------+----------------+-----
Spellcasting   | 3 4 |  4.0
Stealth        | 4 5 6 |  6.8
Translocations | 1 3 |  3.0
Summonings     | 4 |  4.0
Dodging        | |  3.0

Action                   |  1- 3 |  4- 6 || total
-------------------------+-------+-------++-------
Melee: Dagger            |   196 |   150 ||   346
       Unarmed           |    39 |     1 ||    40
Throw: Dart              |       |    28 ||    28
 Cast: Summon Small Mamm |    24 |    35 ||    59
  Use: Potion            |     1 |       ||     1
       Scroll            |       |    10 ||    10
 Stab: Sleeping          |    15 |     3 ||    18
       Distracted        |     1 |     2 ||     3
  Eat: Ration            |       |     2 ||     2
Armor: Robe              |    34 |     6 ||    40
Dodge: Dodged            |   218 |    78 ||   296
